 Dungeon Crawl Stone Soup version 0.20-a0-269-g17f5411 (webtiles) character file.

182 Faca the Shield-Bearer (level 5, 0/42 HPs)
             Began as a Formicid Fighter on Dec 8, 2016.
             Killed from afar by Natasha (5 damage)
             ... with a magic dart
             ... on level 3 of the Dungeon.
             The game lasted 00:06:24 (1871 turns).

Faca the Shield-Bearer (Formicid Fighter)           Turns: 1871, Time: 00:06:25

Health: 0/42       AC:  8    Str: 21    XL:     5   Next: 93%
Magic:  5/5        EV:  8    Int:  7    God:
Gold:   88         SH: 10    Dex: 11    Spells: 4/4 levels left

rFire  . . .     SeeInvis +     a - +0 war axe
rCold  . . .     Gourm    .     b - +0 scale mail
rNeg   . . .     Faith    .     c - +0 shield
rPois  .         Spirit   .     (helmet unavailable)
rElec  .         Reflect  .     k - +0 cloak
rCorr  .         Harm     .     (no gloves)
MR     .....                    (no boots)
Stlth  ..........               (no amulet)
                                (no ring)
                                (no ring)

@: no status effects
A: permanent stasis, dig shafts and tunnels, four strong arms, antennae 3
a: Dig, Shaft Self


You were on level 3 of the Dungeon.
You were not hungry.

You visited 1 branch of the dungeon, and saw 3 of its levels.

You collected 88 gold pieces.

Inventory:

Hand Weapons
 a - a +0 war axe (weapon)
 j - a +4 quarterstaff of chaos
Armour
 b - a +0 scale mail (worn)
 c - a +0 shield (worn)
 k - a +0 cloak (worn)
Wands
 d - a wand of flame (19/48)
Potions
 e - a potion of lignification {unknown}
 g - 2 potions of invisibility
 h - a potion of heal wounds {unknown}
 i - 2 potions of curing {unknown}
Comestibles
 f - 3 bread rations


   Skills:
 + Level 3.9 Fighting
 + Level 3.6 Axes
   Level 0.4(2.2) Maces & Flails
 + Level 4.2 Armour
 + Level 0.5 Dodging
 + Level 0.3 Stealth
 + Level 4.7 Shields


You had 4 spell levels left.
You didn't know any spells.

Dungeon Overview and Level Annotations

Branches:
Dungeon (3/15)

Altars:

Annotations:
D:3 Natasha


Innate Abilities, Weirdness & Mutations

You cannot be hasted, slowed, berserked, paralysed or teleported.
You can dig through walls and to a lower floor.
Your four strong arms can wield two-handed weapons with a shield.
You have a pair of large antennae on your head. (SInv)


Message History

The orc wizard is severely wounded.
You closely miss the orc wizard. You hit the orc wizard.
You kill the orc wizard!
You barely miss Natasha.
The orc wizard points at you and mumbles some strange words.
The magic dart hits you!
* * * LOW HITPOINT WARNING * * *
You block the orc wizard's attack. You block Natasha's attack.
You block the orc wizard's attack.
The orc wizard casts a spell.
The orc wizard flickers and vanishes for a moment.
Your scale mail prevents you from hitting Natasha.
Natasha is heavily wounded.
You hit the orc wizard but do no damage.
You closely miss the orc wizard.
The orc wizard casts a spell.
The orc wizard blinks!
The orc wizard closely misses you. Natasha casts a spell at you.
The magic dart hits you!
You die...

... ..... ..
.(... 5. .....
.##...# #
..#...#
##..###....##.#
....5.†)h.....o
#@§.(....
......)§o......
.......#.......
....... ...#.>.
....... ......#
....... .....##
....... ....##
....... ....#


You could see an iron imp, 2 orc wizards, Natasha and a crimson imp.

Vanquished Creatures
  Crazy Yiuf (D:2)
  Ijyb (D:2)
  An orc wizard (D:3)
  Terence (D:2)
  Robin (D:2)
  2 worms (D:2)
  2 dart slugs (D:2)
  A leopard gecko (D:2)
  2 orcs (D:3)
  2 giant cockroaches (D:2)
  8 goblins
  9 hobgoblins
  4 kobolds
  2 quokkas (D:2)
  A ball python (D:3)
  7 bats
  4 frilled lizards
  8 rats
  4 fungi (D:2)
61 creatures vanquished.

Notes
Turn   | Place    | Note
-------+----------+-------------------------------------------
     0 | D:1      | Faca the Formicid Fighter began the quest for the Orb.
     0 | D:1      | Reached XP level 1. HP: 18/18 MP: 1/1
   265 | D:1      | Reached XP level 2. HP: 24/24 MP: 2/2
   633 | D:2      | Reached XP level 3. HP: 26/29 MP: 3/3
   742 | D:2      | Found a faded altar of an unknown god.
   948 | D:2      | Noticed Ijyb
   962 | D:2      | Killed Ijyb
   962 | D:2      | Reached XP level 4. HP: 14/35 MP: 4/4
   989 | D:2      | Noticed Terence
   998 | D:2      | Killed Terence
  1448 | D:2      | Noticed Robin
  1448 | D:2      | Reached XP level 5. HP: 39/42 MP: 5/5
  1457 | D:2      | Killed Robin
  1781 | D:2      | Found a runed door.
  1788 | D:2      | Noticed Crazy Yiuf
  1791 | D:2      | Killed Crazy Yiuf
  1856 | D:3      | Noticed Natasha
  1871 | D:3      | Killed from afar by Natasha

Vault maps used:
D:1:      co_arrival_square_in_a_square_in_a_square,
          hangedman_abyss_or_decor_stabs
D:2:      kennysheep_six_static_rooms, first_bread,
          chequers_ecumenical_altar_simple_redux, uniq_iyjb, uniq_terence,
          uniq_robin, uniq_crazy_yiuf_cottage
D:3:      kennysheep_generic_room_11, uniq_natasha, uniq_jessica

Skill      XL: |  1  2  3  4  5 |
---------------+----------------+-----
Shields        | 4 |  4.7
Axes           | 3 |  3.6
Armour         | 4 |  4.2
Fighting       | |  3.9
Maces & Flails | |  0.4
Dodging        | |  0.5
Stealth        | |  0.3

Action                   |  1- 3 |  4- 6 || total
-------------------------+-------+-------++-------
Melee: War axe           |   111 |    92 ||   203
       Club              |       |    11 ||    11
  Use: Scroll            |     5 |     2 ||     7
       Potion            |       |     1 ||     1
  Eat: Meat ration       |       |     1 ||     1
Armor: Scale mail        |    41 |    46 ||    87
Dodge: Dodged            |    46 |    39 ||    85
Block: Shield            |    57 |    77 ||   134
